 Dungeon Crawl Stone Soup version 0.31-a0-152-g6aa68a64a1 (webtiles) character file.

Game seed: 14628152895666628729

680 Elmgren the Skirmisher (level 7, -5/56 HPs)
             Began as a Minotaur Hunter on June 11, 2023.
             Was an Initiate of Makhleb.
             Slain by a troll (9 damage)
             ... on level 5 of the Dungeon.
             The game lasted 00:10:09 (3700 turns).

Elmgren the Skirmisher (Minotaur Hunter)            Turns: 3700, Time: 00:10:09

Health: -5/56      AC:  9    Str: 15    XL:     7   Next: 34%
Magic:  6/6        EV: 12    Int:  6    God:    Makhleb [......]
Gold:   274        SH:  0    Dex: 16    Spells: 6/6 levels left

rFire   . . .        s - +0 arbalest
rCold   . . .        (shield currently unavailable)
rNeg    . . .        c - +0 leather armour
rPois   .            (helmet restricted)
rElec   .            (no cloak)
rCorr   .            (no gloves)
SInv    .            m - +1 pair of boots
Will    +....        (no amulet)
Stlth   ++           e - ring "Otarotul" {Will+ AC+4 Stlth+}
HPRegen 0.29/turn    (no ring)
MPRegen 0.10/turn

%: no passive effects
@: about to teleport
A: horns 2, retaliatory headbutt
a: Renounce Religion


You were on level 5 of the Dungeon.
You worshipped Makhleb.
Makhleb was noncommittal.
You visited 1 branch of the dungeon, and saw 6 of its levels.

You collected 274 gold pieces.

Inventory:

Hand Weapons
 f - a +3 sling of flaming
 s - a +0 arbalest (weapon)
Armour
 c - a +0 leather armour (worn)
 m - a +1 pair of boots (worn)
Jewellery
 e - the ring "Otarotul" (left hand) {Will+ AC+4 Stlth+}
   (You found it on level 3 of the Dungeon)

   [ring of protection]

   AC:        It affects your AC (+4).
   Will:      It increases your willpower.
   Stlth:     It makes you more stealthy.
 j - a ring of magical power
 v - an amulet of magic regeneration
 w - a ring of ice
Wands
 a - a wand of charming (10)
 g - a wand of flame (36)
 y - a wand of quicksilver (11)
Scrolls
 b - a scroll of butterflies
 d - 3 scrolls of identify
 i - a scroll of teleportation
 n - a scroll of enchant weapon
 p - a scroll of amnesia {unknown}
 r - 3 scrolls of enchant armour
 t - 2 scrolls of magic mapping {unknown}
 u - a scroll of blinking {unknown}
 x - a scroll of vulnerability {unknown}
Potions
 h - 2 potions of heal wounds
 k - a potion of might {unknown}
 l - 2 potions of magic
 o - a potion of brilliance {unknown}
 z - a potion of mutation {unknown}
 A - a potion of haste {unknown}
 B - a potion of curing {unknown}
 C - a potion of cancellation {unknown}


   Skills:
 - Level 2.4 Fighting
 + Level 9.9 Ranged Weapons
 - Level 2.1 Dodging
 - Level 0.7 Stealth


You had 6 spell levels left.
You didn't know any spells.
Your spell library contained the following spells:

 Spells                   Type           Power      Damage    Failure   Level
 Magic Dart               Conj           0%         1d3       52%         1
 Scorch                   Fire           0%         2d5       67%         2
 Searing Ray              Conj           0%         2d4       67%         2
 Gell's Gravitas          Tloc           0%         N/A       88%         3
 Teleport Other           Tloc           0%         N/A       88%         3
 Flame Wave               Conj/Fire      0%         2d4       99%         4
 Fulminant Prism          Conj/Hex       0%         3d5       99%         4
 Petrify                  Tmut/Erth      0%         N/A       99%         4
 Metabolic Englaciation   Hex/Ice        0%         N/A       100%        5
 Dispersal                Tloc           0%         N/A       100%        6
 Statue Form              Tmut/Erth      0%         N/A       100%        6
 Summon Cactus Giant      Summ           0%         N/A       100%        6
 Storm Form               Tmut/Air       0%         N/A       100%        7
 Maxwell's Capacitive Co  Air            0%         ∞         100%        8


Dungeon Overview and Level Annotations

Branches:
Dungeon (6/15)
 Temple: D:4-7

Altars:
Ashenzari
Cheibriados
Hepliaklqana
Makhleb
Sif Muna
Uskayaw
Wu Jian

Shops:
D:1 !   D:2 !   D:4 ?([*


Innate Abilities, Weirdness & Mutations

You have a pair of horns on your head.
You reflexively headbutt those who attack you in melee.


Message History

There is a stone staircase leading up here.
You can't go down here!
The troll barely misses you. The troll closely misses you.
The troll claws you but does no damage.
You climb upwards.
There is a stone staircase leading down here.
Okay, then.
As you read the scroll of fear, it crumbles to dust.
You assume a fearsome visage.
The troll looks frightened!
Fire: s) +0 arbalest
Press: ? - help, Q - select action, (/) - cycle Shift-Dir - straight line, f - troll
Aim: a troll (fleeing, 60% to hit)
You shoot a bolt. The bolt hits the troll!!
Your attack snaps the troll out of its fear.
The troll is heavily wounded.
The troll bites you! The troll claws you.
* * * LOW HITPOINT WARNING * * *
The troll claws you.
* * * LOW HITPOINT WARNING * * *
The troll attacks as you move away! The troll misses you.
You furiously retaliate!
You headbutt the troll. The troll closely misses you.
The troll claws you but does no damage.
Fire: s) +0 arbalest
Press: ? - help, Q - select action, (/) - cycle Shift-Dir - straight line, f/p - troll
Aim: a troll (heavily wounded, 60% to hit)
You shoot a bolt. The bolt hits the troll!
The troll is severely wounded.
The troll closely misses you. You furiously retaliate!
You headbutt the troll! The troll closely misses you.
The troll claws you but does no damage.
As you read the scroll of teleportation, it crumbles to dust.
You feel strangely unstable. The troll bites you.
* * * LOW HITPOINT WARNING * * *
The troll barely misses you. The troll claws you!
* * * LOW HITPOINT WARNING * * *
Fire: s) +0 arbalest
Press: ? - help, Q - select action, (/) - cycle Shift-Dir - straight line, f/p - troll
Aim: a troll (almost dead, 60% to hit)
You shoot a bolt. The bolt closely misses the troll.
The troll bites you!
You die...

# #.########### ##.## ##
#...........# #...## .##
#.#########.# #....## #.######.##
#.# #...#.##
##........########.######..###.##
#..#####)........#........## ##)#
..............##.########..###.##
.#.#####...##.##.########.#.#.##
<#.# #[......T@.......#.##.##
.#.# ##..##.##.######.#.##.# .#.#
#..##.##.# #.#.##.# .#.#
#........# #...##.# .#.#
#.##...### ###<##.# .#.#
#........########.##.#### .#.#
#.................##..... .#)###
##.......####..........## .#...#
###...### #.###.......#


You could see a troll.

Vanquished Creatures
  Menkaure (D:4)
  2 centaurs
  A scorpion (D:6)
  3 hounds (D:5)
  2 orc priests
  2 iguanas
  A sleepcap (D:4)
  3 adders
  A shadow imp (D:5)
  An ufetubus (D:4)
  2 worms (D:3)
  3 dart slugs
  9 orcs
  3 bats
  4 endoplasms
  3 giant cockroaches
  6 goblins
  5 hobgoblins
  7 kobolds
  5 quokkas
  5 ball pythons
  2 frilled lizards
  5 rats
76 creatures vanquished.

Notes
Turn   | Place    | Note
-------+----------+-------------------------------------------
     0 | D:1      | Elmgren the Minotaur Hunter began the quest for the Orb.
     0 | D:1      | Reached XP level 1. HP: 18/18 MP: 0/0
   172 | D:1      | Reached XP level 2. HP: 25/25 MP: 1/1
   177 | D:1      | Reached skill level 5 in Ranged Weapons
   230 | D:1      | Found Ircholas's Distillery.
   329 | D:1      | Found a faded altar of an unknown god.
   705 | D:2      | Reached XP level 3. HP: 30/30 MP: 2/2
   784 | D:2      | Found Kantakk's Distillery.
  1168 | D:3      | Identified the ring "Otarotul" {Will+ AC+4 Stlth+}
  1204 | D:3      | Reached skill level 6 in Ranged Weapons
  1255 | D:3      | Reached XP level 4. HP: 37/37 MP: 3/3
  1356 | D:3      | Noticed a +0 dagger
  1356 | D:3      | Noticed a +0 spear
  1356 | D:3      | Noticed a +0 short sword
  1358 | D:3      | Noticed a +0 short sword
  1358 | D:3      | Noticed a +0 falchion
  1361 | D:3      | Noticed a +0 spear
  1362 | D:3      | Noticed a +0 dagger
  1362 | D:3      | Noticed a +0 falchion
  1368 | D:3      | Found a hide-covered altar of Uskayaw.
  1719 | D:4      | Noticed Menkaure
  1833 | D:4      | Killed Menkaure
  1834 | D:4      | Reached skill level 7 in Ranged Weapons
  1834 | D:4      | Reached XP level 5. HP: 24/42 MP: 4/4
  1986 | D:4      | Found Ywnokhik's General Store.
  2048 | D:4      | Found Visoerch's Antique Armour Emporium.
  2063 | D:4      | Found Ynedif's Weapon Shoppe.
  2085 | D:4      | Reached skill level 8 in Ranged Weapons
  2085 | D:4      | Reached XP level 6. HP: 50/50 MP: 5/5
  2095 | D:4      | Found a shimmering blue altar of Sif Muna.
  2403 | D:4      | Found a snail-covered altar of Cheibriados.
  2717 | D:4      | Found Sasoeveo's Magic Scroll Shoppe.
  2857 | D:5      | Entered Level 5 of the Dungeon
  2857 | D:5      | Found a broken altar of Ashenzari.
  2991 | D:5      | Reached skill level 9 in Ranged Weapons
  3110 | D:5      | Found a hazy altar of Hepliaklqana.
  3185 | D:5      | Reached XP level 7. HP: 50/56 MP: 6/6
  3302 | D:5      | Found a burning altar of Makhleb.
  3324 | D:5      | Found an ornate altar of the Wu Jian Council.
  3340 | D:5      | Became a worshipper of Makhleb the Destroyer
  3680 | D:6      | Noticed a troll
  3700 | D:5      | Slain by a troll

Illustrated notes

Levels and vault maps discovered:
D:1:      zelgadis_glass_arrival_small, layout_rooms,
          nicolae_ecumenical_snake_handling, serial_shops, shop,
          item_on_display_a
D:2:      layout_basic, serial_shops, nicolae_square_shop
D:3:      layout_basic, nicolae_uskayaw_en_pointe, serial_curves,
          eino_curves_02, eino_curves_03, corexii_shack
D:4:      layout_basic, cheibriados_altar_1, kennysheep_little_box,
          serial_shops, nicolae_shop_crystal,
          nicolae_shop_competitors_out_of_business, nicolae_lakefront_shop,
          shop, ebering_dispersal_statue_hall, uniq_menkaure
D:5:      layout_loops_ring, nicolae_ashenzari_skybound,
          makhleb_heckhound_becter, mainiacjoe_overflow_paths,
          lemuel_crystal_altar
D:6:      layout_loops_cross, mainiacjoe_overflow_concentric_impassable,
          grunt_dithmenos_shadows, minmay_temple_entry_junction

Skill      XL: |  1  2  3  4  5  6 |
---------------+-------------------+-----
Ranged Weapons | 5 6 7 8 9 |  9.9
Fighting       | |  2.4
Dodging        | |  2.1
Stealth        | |  0.7

Action                     |  1- 3 |  4- 6 |  7- 9 || total
---------------------------+-------+-------+-------++-------
   Fire: Shortbow          |    52 |       |       ||    52
         Sling             |    37 |    45 |       ||    82
         Arbalest          |       |    39 |    34 ||    73
    Use: Scroll            |     8 |       |     2 ||    10
 Armour: Leather armour    |     2 |    12 |     6 ||    20
  Dodge: Dodged            |    13 |    25 |    25 ||    63

Table legend: (Time is in decaauts)
 A = Elapsed time spent in this place.
 B = Non-inter-level travel time spent in this place.
 C = Inter-level travel time spent in this place.
 D = Time resting spent in this place.
 E = Time spent auto-exploring this place.
 F = Levels seen in this place.
 G = Mean time per level.
                   A        B        C        D        E       F      G
               +--------+--------+--------+--------+--------+-----+--------+
         Total |   3752 |   3527 |    225 |    195 |   2784 |   6 |  625.3 |
       Dungeon |   3752 |   3527 |    225 |    195 |   2784 |   6 |  625.3 |
               +--------+--------+--------+--------+--------+-----+--------+

Top non-repeatable levels by time:
     D:4: 974 daAuts
     D:3: 797 daAuts
     D:5: 778 daAuts
     D:1: 637 daAuts
     D:2: 472 daAuts
     D:6: 91 daAuts
